 Dungeon Crawl Stone Soup version 0.30.0 (webtiles) character file.

Game seed: 13180287405606086608

221 AlmostAGhost the Ducker (level 5, -6/41 HPs)
             Began as a Demonspawn Gladiator on May 6, 2023.
             Splashed by a jelly's acid (8 damage)
             ... on level 3 of the Dungeon.
             The game lasted 00:06:14 (1843 turns).

AlmostAGhost the Ducker (Demonspawn Gladiator)      Turns: 1843, Time: 00:06:16

Health: -6/41      AC: -2    Str: 17    XL:     5   Next: 65%
Magic:  5/5        EV:  8    Int:  9    God:
Gold:   103        SH:  0    Dex: 14    Spells: 4/4 levels left

rFire   . . .        h - +3 hand axe
rCold   . . .        (no shield)
rNeg    . . .        i - +0 chain mail
rPois   .            c - +0 helmet
rElec   .            (no cloak)
rCorr   .            (no gloves)
SInv    .            (no boots)
Will    .....        (no amulet) Stlth
                     (no ring)
HPRegen 0.26/turn    (no ring)
MPRegen 0.09/turn

%: no passive effects
@: corroded
A: hooves 2, demonic guardian 2
a: no special abilities


You were on level 3 of the Dungeon.
You visited 1 branch of the dungeon, and saw 3 of its levels.

You collected 103 gold pieces.

Inventory:

Hand Weapons
 a - a +0 long sword
 h - a +3 hand axe (weapon)
 m - a +0 dagger of draining
Missiles
 d - 3 throwing nets (quivered)
 e - a javelin
 s - 4 silver javelins
Armour
 b - a +0 leather armour
 c - a +0 helmet (worn)
 i - a +0 chain mail (worn)
Jewellery
 g - an amulet of guardian spirit
Wands
 o - a wand of paralysis (5)
 r - a wand of mindburst (18)
Scrolls
 k - a scroll of immolation
 l - a scroll of amnesia
 n - a scroll of silence
 q - a scroll of teleportation
 v - a scroll of torment
Potions
 f - 2 potions of curing {unknown}
 j - a potion of flight {unknown}
 p - a potion of lignification {unknown}
 t - 2 potions of degeneration {unknown}
 u - a potion of ambrosia {unknown}


   Skills:
 + Level 3.1 Fighting
 - Level 2.7 Long Blades
 + Level 2.8 Axes
 + Level 2.0 Throwing
 + Level 2.0 Armour
 + Level 3.5 Dodging


You had 4 spell levels left.
You didn't know any spells.
Your spell library contained the following spells:

 Spells                   Type           Power      Damage    Failure   Level
 Anguish                  Hex/Necr       0%         N/A       100%        4
 Enfeeble                 Hex            0%         N/A       100%        7


Dungeon Overview and Level Annotations

Branches:
Dungeon (3/15)

Altars:
Yredelemnul


Innate Abilities, Weirdness & Mutations

You have hoof-like feet.
A demonic guardian rushes to your aid.


Message History

Something hits the fungus.
The fungus begins to die.
Something hits the fungus. x2
The endoplasm hits you but does no damage.
You slash the endoplasm!
You kill the endoplasm!
You hit the jelly.
Your hands burn!
You kick the jelly.
The jelly is moderately wounded.
A nearby fungus withers and dies.
The jelly hits you but does no damage.
You slash the jelly!
Your hands burn!
The jelly is almost dead.
A nearby fungus withers and dies.
The jelly hits you but does no damage.
You hit the jelly.
You kill the jelly!
You hit the endoplasm. You kick the endoplasm.
The endoplasm is almost dead.
You slash the jelly! The acid corrodes you!
Your hands burn!
A demonic guardian appears!
You kick the jelly.
The jelly is severely wounded.
The jelly hits you but does no damage.
You hit the jelly.
Your hands burn!
You kick the jelly.
You kill the jelly!
Your Armour skill increases to level 2!
You hit the jelly.
Your hands burn!
The jelly is lightly wounded.
The jelly closely misses you.
You hit the jelly. The acid corrodes you!
Your hands burn!
You kick the jelly.
The jelly is moderately wounded.
The jelly hits you. The acid corrodes you!
You are splashed with acid!
* * * LOW HITPOINT WARNING * * *
Unknown command.
Press: ? - help, v - describe, . - travel
Here: an ice devil (summoned, friendly)
The floor.
You hit the jelly.
Your hands burn!
* * * LOW HITPOINT WARNING * * *
You kick the jelly, but do no damage.
The jelly is heavily wounded.
The jelly hits you.
* * * LOW HITPOINT WARNING * * *
A demonic guardian appears!
You are splashed with acid!
You die... ########## #.....#.. #...P....$ #........ #....÷..J. #.#...#.. #.......P÷ #.#...### #...÷...P. #.#.#.# #.J.JJJ.J. #.....# #JJJP.J.P.

#.#.#.# #J#######
#...#.###
##@44...###.......#
########.##...###.#
#....'..###...###.#
#....#### ##.#.....
#.......# #.#.##.#
#.......# #.#.##.#
#.......# #......#
#.......# #.#.####
##.....## #.#.#


You could see a jelly (ally target), 3 endoplasms, a friendly hellwing
(summoned) and a friendly ice devil (summoned).

Vanquished Creatures
  2 jellies (D:3)
  Jessica (D:3)
  A gnoll (D:2)
  6 adders
  2 dart slugs
  An orc (D:2)
  6 bats
  7 endoplasms
  2 giant cockroaches (D:2)
  8 hobgoblins
  5 jackals (D:1)
  11 kobolds
  A quokka (D:1)
  8 ball pythons
  4 frilled lizards
  5 rats
70 creatures vanquished.

Vanquished Creatures (others)
  3 fungi (D:3)
  10 toadstools (D:3)
13 creatures vanquished.

Grand Total: 83 creatures vanquished

Notes
Turn   | Place    | Note
-------+----------+-------------------------------------------
     0 | D:1      | AlmostAGhost the Demonspawn Gladiator began the quest for
                  | the Orb.
     0 | D:1      | Reached XP level 1. HP: 16/16 MP: 1/1
   321 | D:1      | Gained mutation: You have large cloven feet. [demonic
                  | ancestry]
   321 | D:1      | Reached XP level 2. HP: 22/22 MP: 2/2
   709 | D:2      | Gained mutation: You have hoof-like feet. [demonic
                  | ancestry]
   709 | D:2      | Reached XP level 3. HP: 24/27 MP: 3/3
   766 | D:2      | Found a basalt altar of Yredelemnul.
   930 | D:2      | Reached skill level 1 in Axes
   977 | D:2      | Reached skill level 1 in Armour
   977 | D:2      | Gained mutation: A weak demonic guardian rushes to your
                  | aid. [demonic ancestry]
   977 | D:2      | Reached XP level 4. HP: 28/34 MP: 4/4
  1531 | D:3      | Noticed Jessica
  1534 | D:3      | Killed Jessica
  1538 | D:3      | Gained mutation: A demonic guardian rushes to your aid.
                  | [demonic ancestry]
  1538 | D:3      | Reached XP level 5. HP: 40/40 MP: 5/5
  1843 | D:3      | HP: 2/41 [jelly (1)]
  1843 | D:3      | Splashed by a jelly's acid

Illustrated notes

Levels and vault maps discovered:
D:1:      lemuel_arrival_tunnels, layout_loops_ring, serial_forest,
          infiniplex_forest_lined_2, infiniplex_forest_lined_2,
          infiniplex_forest_lined_2, infiniplex_forest_clump_medium,
          infiniplex_forest_corner_1, infiniplex_forest_3_way
D:2:      layout_loops_ring, serial_glass, glass_columns_c, glass_columns_b,
          basic_altar, minmay_increasing_density
D:3:      cheibrodos_fertilizer, layout_loops_cross, uniq_jessica

Skill      XL: |  1  2  3  4  5 |
---------------+----------------+-----
Dodging        | 3 |  3.5
Throwing       | 2 |  2.0
Axes           | 1 2 |  2.8
Armour         | 1 2 |  2.0
Fighting       | 3 |  3.1
Long Blades    | |  2.7

Action                     |  1- 3 |  4- 6 || total
---------------------------+-------+-------++-------
  Melee: Hand axe          |    69 |    73 ||   142
         Long sword        |     1 |       ||     1
         Kick              |    12 |    16 ||    28
    Use: Scroll            |       |     5 ||     5
 Armour: Chain mail        |    47 |    36 ||    83
  Dodge: Dodged            |    30 |    29 ||    59
